 Dungeon Crawl Stone Soup version 0.30-a0-1161-g0704695555 (webtiles) character file.

Game seed: 9628667022202720453

10 oldriver the Magician (level 2, -4/19 HPs)
             Began as a Mummy Fire Elementalist on Apr 27, 2023.
             Slain by a kobold
             ... wielding a +1 whip of electrocution
              (17 damage)
             ... on level 1 of the Dungeon.
             The game lasted 00:00:36 (520 turns).

oldriver the Magician (Mummy Fire Elementalist)      Turns: 520, Time: 00:00:36

Health: -4/19      AC:  2    Str: 11    XL:     2   Next: 10%
Magic:  6/6        EV: 12    Int: 14    God:
Gold:   11         SH:  0    Dex: 12    Spells: 6/7 levels left

rFire   x . .        (no weapon)
rCold   + . .        (no shield)
rNeg    + + +        a - +0 robe
rPois   ∞            (no helmet)
rElec   .            (no cloak)
rCorr   .            (no gloves)
SInv    .            (no boots)
Will    .....        (no amulet)
Stlth   ++           (no ring)
HPRegen 0.23/turn    (no ring)
MPRegen 0.10/turn

%: faith
@: no status effects
A: cold resistance 1, negative energy resistance 3, torment resistance 2, heat
vulnerability 1, no potions, faith
a: no special abilities


You were on level 1 of the Dungeon.
You visited 1 branch of the dungeon, and saw 1 of its levels.

You collected 11 gold pieces.

Inventory:

Hand Weapons
 e - a +0 short sword
Armour
 a - a +0 robe (worn)
 g - a +0 buckler
Scrolls
 b - a scroll of poison {unknown}
 c - a scroll of immolation {unknown}
 d - a scroll of fog {unknown}
 f - a scroll of blinking {unknown}


   Skills:
 - Level 1.5 Dodging
 - Level 1.5 Stealth
 + Level 3.0 Spellcasting
 + Level 1.0 Conjurations
 * Level 2.7 Fire Magic


You had 6 spell levels left.
You knew the following spells:

 Your Spells              Type           Power      Damage    Failure   Level
a - Foxfire               Conj/Fire      28%        2x1d5     10%         1

Your spell library contained the following spells:

 Spells                   Type           Power      Damage    Failure   Level
 Scorch                   Fire           18%        2d5       11%         2
 Inner Flame              Hex/Fire       5%         N/A       36%         3
 Volatile Blastmotes      Fire/Tloc      10%        2d10      36%         3
 Flame Wave               Conj/Fire      7%         2d5       69%         4


Dungeon Overview and Level Annotations

Branches:
Dungeon (1/15)

Altars:


Innate Abilities, Weirdness & Mutations

You are immune to poison.
Your flesh is cold resistant. (rC+)
You are immune to negative energy. (rN+++)
You are immune to unholy pain and torment.
You are vulnerable to heat. (rF-)
You do not drink.
You have a special connection with the divine. (Faith)


Message History

A kobold comes into view. It is wielding a +0 dagger.
A kobold is nearby!
You conjure some foxfire!
The kobold shouts!
There is not enough space to conjure foxfire!
Your foxfire dissipates!
The foxfire hits the kobold but does no damage.
There is an open door here.
The kobold throws a stone.
The stone misses you.
You conjure some foxfire!
The kobold throws a stone.
The stone closely misses you.
You conjure some foxfire!
You conjure some foxfire!
The foxfire hits the kobold but does no damage.
Your foxfire dissipates!
You conjure some foxfire!
Your foxfire dissipates!
The foxfire hits the kobold.
The kobold is moderately wounded.
The foxfire hits the kobold.
The kobold is heavily wounded.
The foxfire hits the kobold.
You kill the kobold!
Your Spellcasting skill increases to level 3!
You see here a +0 buckler.
g - a +0 buckler Your foxfire dissipates! x2
You start resting.
Magic restored.
As you open the door, it creaks loudly!
You hear a shout!
There is an open door here.
A kobold comes into view.
It is wielding a +1 whip of electrocution.
A kobold is nearby!
A kobold is nearby!
A kobold is nearby!
The kobold attacks as you move away!
The kobold hits you with a +1 whip of electrocution.
You are electrocuted!
Ouch! That really hurt!
You die...

.# #.#.## ##.......## #
####....####.........####..###
...........+....[....'.)......
####....####.........####.....
#.#.## ##.......## ### #.###
##.....## #.. ##...## ##.
##'## .# ###@##### .#
#.K.....# #.#####.# #. #. #.
#. .. ##


You could see a kobold.

Vanquished Creatures
  A dart slug (D:1)
  2 jackals (D:1)
  3 kobolds (D:1)
  A rat (D:1)
7 creatures vanquished.

Vanquished Creatures (others)
  25 foxfires (D:1)
25 creatures vanquished.

Grand Total: 32 creatures vanquished

Notes
Turn   | Place    | Note
-------+----------+-------------------------------------------
     0 | D:1      | oldriver the Mummy Fire Elementalist began the quest for
                  | the Orb.
     0 | D:1      | Reached XP level 1. HP: 13/13 MP: 4/4
     9 | D:1      | Noticed an electric eel
   222 | D:1      | Reached skill level 1 in Conjurations
   321 | D:1      | Reached XP level 2. HP: 19/19 MP: 1/5
   457 | D:1      | Reached skill level 3 in Spellcasting
   520 | D:1      | Slain by a kobold

Illustrated notes

Levels and vault maps discovered:
D:1:      arrival_aquarium_a, layout_loops_corners

Skill      XL: |  1  2 |
---------------+-------+-----
Conjurations   | 1 |  1.0
Spellcasting   | 3 |  3.0
Dodging        | |  1.5
Stealth        | |  1.5
Fire Magic     | |  2.7

Action                     || total
---------------------------++-------
   Cast: Foxfire           ||    20
  Dodge: Dodged            ||     3

Table legend: (Time is in decaauts)
 A = Elapsed time spent in this place.
 B = Non-inter-level travel time spent in this place.
 C = Inter-level travel time spent in this place.
 D = Time resting spent in this place.
 E = Time spent auto-exploring this place.
 F = Levels seen in this place.
 G = Mean time per level.
                   A        B        C        D        E       F      G
               +--------+--------+--------+--------+--------+-----+--------+
         Total |    520 |    520 |      0 |    115 |    322 |   1 |  520.0 |
       Dungeon |    520 |    520 |      0 |    115 |    322 |   1 |  520.0 |
               +--------+--------+--------+--------+--------+-----+--------+

Top non-repeatable levels by time:
     D:1: 520 daAuts
